 Dungeon Crawl Stone Soup version 0.27-a0-291-gd9602db6ee (webtiles) character file.

Game seed: 15838378704875745881

83454 HoaS the Cruncher (level 15, 0/100 HPs)
             Began as a Gargoyle Gladiator on Feb 9, 2021.
             Was the Champion of Okawaru.
             Slain by a fire elemental (10 damage)
             ... summoned by a deep elf pyromancer
             ... on level 15 of the Dungeon.
             The game lasted 00:57:38 (25515 turns).

HoaS the Cruncher (Gargoyle Gladiator)             Turns: 25515, Time: 00:57:39

Health: 0/100      AC: 38    Str: 27      XL:     15   Next: 77%
Magic:  17/22      EV: 21    Int:  9      God:    Okawaru [******]
Gold:   1239       SH:  5    Dex: 13 (14) Spells: 14/14 levels left

rFire    . . .     SeeInvis .   w - +2 lajatang (elec)
rCold    . . .     Faith    .   (shield currently unavailable)
rNeg     + . .     Spirit   .   V - +0 storm dragon scales
rPois    ∞         Reflect  +   c - +1 helmet
rElec    +         Harm     .   N - +1 cloak {Will+}
rCorr    .         Rampage  .   j - +1 pair of gloves
Will     ++...                  (no boots)
Stlth    ..........             z - amulet of reflection
HPRegen  0.26/turn              g - +6 ring of strength
MPRegen  0.18/turn              U - +4 ring of evasion

@: heroism, finesse, flying
A: big wings, negative energy resistance 1, electricity resistance, unbreathing,
petrification resistance, miasma immunity, AC +11
a: Stop Flying, Renounce Religion, Heroism, Finesse


You were on level 15 of the Dungeon.
You worshipped Okawaru.
Okawaru was exalted by your worship.
You visited 4 branches of the dungeon, and saw 24 of its levels.
You also visited: Sewer.

You collected 2659 gold pieces.
You spent 1420 gold pieces at shops.

Inventory:

Hand Weapons
 e - a +2 vorpal quarterstaff
 q - a +0 longbow of freezing
 w - a +2 lajatang of electrocution (weapon)
Missiles
 n - 579 arrows
 S - a throwing net
Armour
 c - a +1 helmet (worn)
 j - a +1 pair of gloves (worn)
 N - a +1 cloak of willpower (worn)
 V - +0 storm dragon scales (worn)
Jewellery
 g - a +6 ring of strength (left hand)
 i - an uncursed ring of protection from cold
 k - an uncursed ring of willpower
 l - an uncursed ring of see invisible
 p - an uncursed ring of fire
 z - an amulet of reflection (around neck)
 I - an uncursed ring of resist corrosion
 U - a +4 ring of evasion (right hand)
Wands
 R - a wand of acid (9) (quivered)
Scrolls
 b - 5 scrolls of blinking
 d - a scroll of silence
 o - 16 scrolls of teleportation
 A - 5 scrolls of fog
 C - 9 scrolls of identify
 D - 4 scrolls of fear
 H - a scroll of magic mapping
 O - 6 scrolls of remove curse
 T - a scroll of holy word
Potions
 a - 3 potions of mutation
 f - 3 potions of attraction
 h - 4 potions of lignification
 s - a potion of ambrosia
 v - a potion of berserk rage
 x - 7 potions of heal wounds
 B - 4 potions of curing
 E - 4 potions of might
 F - 4 potions of haste
 J - 3 potions of invisibility
 M - a potion of cancellation
 Q - a potion of resistance


   Skills:
 - Level 14.0(19.0) Fighting
 - Level 14.0(19.0) Staves
 - Level 2.0(7.0) Bows
 - Level 1.7(6.7) Throwing
 + Level 13.8(18.8) Armour
 + Level 11.1(16.1) Dodging
 - Level 9.5 Invocations


You had 14 spell levels left.
You didn't know any spells.
Your spell library contained the following spells:

 Spells                   Type           Power        Failure   Level
 Animate Skeleton         Necr           0%           77%         1
 Apportation              Tloc           0%           77%         1
 Corona                   Hex            0%           77%         1
 Freeze                   Ice            0%           77%         1
 Magic Dart               Conj           0%           77%         1
 Summon Small Mammal      Summ           0%           77%         1
 Blink                    Tloc           N/A          88%         2
 Call Imp                 Summ           0%           88%         2
 Slow                     Hex            0%           88%         2
 Conjure Flame            Conj/Fire      0%           98%         3
 Frozen Ramparts          Ice            0%           98%         3
 Inner Flame              Hex/Fire       0%           98%         3
 Mephitic Cloud           Conj/Pois/Air  0%           98%         3
 Ozocubu's Armour         Ice            0%           98%         3
 Portal Projectile        Hex/Tloc       0%           98%         3
 Cause Fear               Hex            0%           100%        4
 Hailstorm                Conj/Ice       0%           100%        4
 Leda's Liquefaction      Hex/Erth       0%           100%        4
 Summon Ice Beast         Ice/Summ       0%           100%        4
 Irradiate                Conj/Tmut      0%           100%        5
 Hydra Form               Tmut           0%           100%        6
 Dragon Form              Tmut           0%           100%        7
 Statue Form              Tmut/Erth      Unusable     N/A         6

Dungeon Overview and Level Annotations

Branches:
Dungeon (15/15)            Temple (1/1) D:4            Lair (6/6) D:11
  Swamp (0/4) Lair:2       Spider (0/4) Lair:2        Slime (0/5) Lair:6
    Orc (2/2) D:12            Elf (0/3) Orc:2        Vaults (0/5) D:13
  Sewer (visited)
 Depths: D:15

Altars:
Ashenzari
Cheibriados
Dithmenos
Elyvilon
Fedhas
Gozag
Hepliaklqana
Kikubaaqudgha
Makhleb
Nemelex Xobeh
Okawaru
Qazlal
Ru
Sif Muna
Trog
Uskayaw
Vehumet
Wu Jian
Xom
Yredelemnul
Zin
The Shining One
Jiyva

Shops:
D:8 ((   Orc:2 (:[=

Portals:
Hell: Lair:6

Annotations:
D:7 1 runed translucent door


Innate Abilities, Weirdness & Mutations

You are resistant to torment.
Your stone body is resilient. (AC +11)
You are immune to poison.
Your large and strong wings let you fly indefinitely.
You resist negative energy. (rN+)
You are resistant to electric shocks. (rElec)
You can survive without breathing.
You are immune to petrification.
You are immune to miasma.


Message History

You hit the fire elemental.
The fire elemental is heavily damaged.
The fire elemental completely misses you.
You barely miss the fire elemental.
The fire elemental is heavily damaged.
The fire elemental closely misses you. The fire elemental misses you.
You hit the fire elemental.
The fire elemental is severely damaged.
The fire elemental hits you.
You hit the fire elemental.
The fire elemental is severely damaged.
You block the fire elemental's attack.
The fire elemental completely misses you.
You slice the fire elemental!!
You destroy the fire elemental!
The fire elemental hits you. The fire elemental burns you!
* * * LOW HITPOINT WARNING * * *
The fire elemental completely misses you.
The fire elemental hits you. The fire elemental burns you!
You die...

## ##########
+.###.........
#.............
#............
#..........#
###...E@E....#
[.......)...###
............#
.....#####..#
..... #.e######
####.#
#........ #.#
#........ #.#
#........ #.
#.# #........


You could see a deep elf pyromancer and 2 fire elementals.

Vanquished Creatures
  Louise (D:14)
  Josephine (D:10)
  3 boulder beetles
  8 hydras
  A hell beast (Lair:6)
  A catoblepas (Lair:1)
  A centaur warrior (D:13)
  2 dancing weapons (D:13)
  A tengu warrior (D:15)
  3 two-headed ogres
  8 death yaks
  3 orc high priests (Orc:2)
  Sonja (Lair:3)
  Nergalle (D:10)
  An unseen horror (D:13)
  A wizard (Lair:6)
  Pikel (D:7)
  10 ugly things
  2 lindwurms (Lair:6)
  3 cyclopes
  5 orc sorcerers (Orc:2)
  Maurice (D:10)
  7 elephants
  A torpor snail (Lair:1)
  4 black mambas
  A smoke demon (Lair:6)
  A rust devil (D:13)
  3 orange demons (Lair:6)
  17 cane toads
  6 komodo dragons
  3 centaur skeletons
  An efreet (D:13)
  4 rime drakes
  A tengu conjurer (D:14)
  A kobold demonologist (D:11)
  An ice devil (Lair:6)
  2 red devils
  9 trolls
  A harpy zombie (D:15)
  11 dream sheep
  8 blink frogs
  11 slime creatures
  3 redbacks (Lair:2)
  2 shadows
  Sigmund (D:2)
  4 wraiths
  A vampire (D:15)
  43 yaks
  9 wyverns
  4 basilisks
  Edmund (D:5)
  6 wargs
  10 water moccasins
  4 hell hounds (Lair:6)
  Duvessa (D:7)
  33 orc warriors
  3 black bears
  A necrophage (D:12)
  2 sky beasts
  4 ice beasts
  15 ogres
  12 wolves
  19 centaurs
  3 phantoms
  6 kobold brigands
  24 bullfrogs
  A gnoll sergeant (D:5)
  Dowan (D:7)
  A wyvern skeleton (D:13)
  6 scorpions
  7 killer bees (D:13)
  13 wights
  2 electric eels (Lair:1)
  A bullfrog zombie (D:8)
  5 centaur zombies
  The ghost of Lanoc the Ducker, a weakling SpGl (D:3)
  2 quasits
  8 jellies
  4 hounds
  24 orc priests
  8 iron imps (D:13)
  Ijyb (D:3)
  3 iguanas
  62 orc wizards
  8 worker ants
  A killer bee zombie (D:8)
  A hound zombie (D:9)
  2 worker ant zombies (D:9)
  3 gnolls (D:5)
  13 adders
  5 river rats (Sewer)
  2 shadow imps (D:8)
  5 white imps
  3 ufetubi
  An ooze (D:6)
  An adder skeleton (D:4)
  4 worms
  2 dart slugs
  4 leopard geckos
  116 orcs
  9 ball pythons
  7 giant cockroaches
  11 goblins
  7 hobgoblins
  21 jackals
  30 kobolds
  5 quokkas
  4 bats
  15 frilled lizards
  A leopard gecko zombie (D:5)
  2 quokka skeletons (D:4)
  12 rats
808 creatures vanquished.

Vanquished Creatures (others)
  An orc wizard (Orc:2)
  5 fungi
  34 plants
40 creatures vanquished.

Grand Total: 848 creatures vanquished

Notes
Turn   | Place    | Note
-------+----------+-------------------------------------------
     0 | D:1      | HoaS the Gargoyle Gladiator began the quest for the Orb.
     0 | D:1      | Reached XP level 1. HP: 12/12 MP: 1/1
   196 | D:1      | Reached XP level 2. HP: 17/17 MP: 2/2
   838 | D:2      | Reached XP level 3. HP: 21/21 MP: 3/3
  1082 | D:2      | Noticed Sigmund
  1342 | D:2      | Killed Sigmund
  1343 | D:2      | Reached XP level 4. HP: 20/26 MP: 4/4
  1343 | D:2      | Reached XP level 5. HP: 23/30 MP: 5/5
  1408 | D:2      | Reached XP level 6. HP: 30/35 MP: 6/6
  1447 | D:2      | Found a shimmering altar of Xom.
  1986 | D:3      | Found a runed translucent door.
  2004 | D:3      | Noticed Lanoc's ghost (weakling SpGl)
  2205 | D:3      | Killed Lanoc's ghost
  2361 | D:3      | Noticed Ijyb
  2373 | D:3      | Killed Ijyb
  3081 | D:4      | Found an iron altar of Okawaru.
  3089 | D:4      | Became a worshipper of Warmaster Okawaru
  3165 | D:4      | Reached skill level 1 in Invocations
  3165 | D:4      | Reached XP level 7. HP: 37/40 MP: 7/7
  3292 | D:4      | Found a staircase to the Ecumenical Temple.
  3323 | Temple   | Entered the Ecumenical Temple
  3633 | D:4      | Reached * piety under Okawaru
  3835 | D:5      | Entered Level 5 of the Dungeon
  3835 | D:5      | Noticed a two-headed ogre
  4154 | D:5      | Reached XP level 8. HP: 44/44 MP: 9/9
  4186 | D:5      | Noticed Edmund
  4206 | D:5      | Reached ** piety under Okawaru
  4220 | D:5      | Killed Edmund
  4524 | D:5      | Reached skill level 10 in Staves
  4616 | D:5      | Killed a two-headed ogre
  4616 | D:5      | Reached *** piety under Okawaru
  4617 | D:5      | Reached XP level 9. HP: 48/48 MP: 7/10
  4665 | D:5      | Found a hide-covered altar of Uskayaw.
  5058 | D:5      | Reached **** piety under Okawaru
  5465 | D:6      | Found a broken altar of Ashenzari.
  5861 | D:6      | Found a glowing drain.
  5880 | Sewer    | Entered a sewer
  6751 | D:7      | Reached skill level 1 in Bows
  6989 | D:7      | Reached XP level 10. HP: 51/53 MP: 11/11
  7067 | D:7      | Noticed Duvessa
  7067 | D:7      | Noticed Dowan
  7084 | D:7      | Killed Duvessa
  7346 | D:7      | Killed Dowan
  7396 | D:7      | Found a broken altar of Ashenzari.
  7396 | D:7      | Found an opulent altar of Gozag.
  7492 | D:7      | Noticed Pikel
  7513 | D:7      | Killed Pikel
  7589 | D:7      | Found a white marble altar of Elyvilon.
  7589 | D:7      | Found a runed translucent door.
  7589 | D:7      | Noticed an angel
  7605 | D:7      | Received a gift from Okawaru
  7891 | D:7      | Found a sacrificial altar of Ru.
  8274 | D:8      | Reached skill level 1 in Armour
  8318 | D:8      | Found Gopuumum's Weapon Shoppe.
  8358 | D:8      | Found a stormy altar of Qazlal.
  8806 | D:8      | Found Zaghytyc's Antique Weapon Boutique.
  9527 | D:9      | Reached ***** piety under Okawaru
  9713 | D:9      | Reached skill level 5 in Fighting
  9812 | D:9      | Received a gift from Okawaru
  9886 | D:8      | Bought a lajatang for 465 gold pieces
 10059 | D:9      | Found a viscous altar of Jiyva.
 10255 | D:9      | Reached XP level 11. HP: 64/64 MP: 12/12
 10353 | D:10     | Entered Level 10 of the Dungeon
 10680 | D:10     | Noticed Nergalle
 10690 | D:10     | Killed Nergalle
 10752 | D:10     | Noticed Maurice
 10851 | D:10     | Noticed a two-headed ogre
 10858 | D:10     | Killed a two-headed ogre
 10858 | D:10     | Received a gift from Okawaru
 10859 | D:10     | Reached skill level 5 in Armour
 11007 | D:10     | Noticed Josephine
 11013 | D:10     | Killed Josephine
 11020 | D:10     | Reached skill level 5 in Dodging
 11488 | D:10     | Killed Maurice
 11684 | D:11     | Noticed a cyclops
 11686 | D:11     | Found a staircase to the Lair.
 11693 | D:11     | Killed a cyclops
 11693 | D:11     | Received a gift from Okawaru
 11739 | D:11     | Found a hide-covered altar of Uskayaw.
 11847 | D:11     | Noticed a purple ugly thing
 11860 | D:11     | Killed a purple ugly thing
 11861 | D:11     | Reached XP level 12. HP: 76/77 MP: 13/13
 12088 | D:11     | Reached skill level 10 in Fighting
 12425 | Lair:1   | Entered Level 1 of the Lair of Beasts
 12602 | Lair:1   | Noticed a boulder beetle
 12615 | Lair:1   | Killed a boulder beetle
 13125 | Lair:1   | Reached ****** piety under Okawaru
 13771 | Lair:2   | Noticed a catoblepas
 13791 | Lair:1   | Killed a catoblepas
 14116 | Lair:2   | Reached skill level 5 in Invocations
 14415 | Lair:2   | Noticed an eight-headed hydra
 14435 | Lair:2   | Killed an eight-headed hydra
 14436 | Lair:2   | Reached XP level 13. HP: 85/85 MP: 16/16
 14472 | Lair:2   | Received a gift from Okawaru
 14631 | Lair:2   | Received a gift from Okawaru
 14855 | Lair:2   | Found a staircase to the Swamp.
 15045 | Lair:2   | Found a hole to the Spider Nest.
 15534 | Lair:3   | Noticed Sonja
 15536 | Lair:3   | Killed Sonja
 15682 | Lair:3   | Received a gift from Okawaru
 16118 | Lair:3   | Received a gift from Okawaru
 17909 | Lair:5   | Found a stormy altar of Qazlal.
 17996 | Lair:5   | Gained mutation: Your large and strong wings let you fly
                  | indefinitely. [Gargoyle growth]
 17996 | Lair:5   | Reached XP level 14. HP: 90/94 MP: 19/19
 18008 | Lair:5   | Reached skill level 10 in Armour
 18460 | Lair:6   | Entered Level 6 of the Lair of Beasts
 18835 | Lair:6   | Received a gift from Okawaru
 19297 | Lair:6   | Found a staircase to the Slime Pits.
 19451 | Lair:6   | Got a polished hand crossbow
 19452 | Lair:6   | Identified the cursed +0 hand crossbow of the Orb {vorpal,
                  | Str-2 Int+4 Dex+4 Stlth+} (You found it on level 6 of the
                  | Lair of Beasts)
 19907 | Lair:6   | Found a burning altar of Makhleb.
 20254 | Lair:6   | Found a gateway to Hell.
 20789 | D:12     | Found a staircase to the Orcish Mines.
 21365 | Orc:1    | Entered Level 1 of the Orcish Mines
 21742 | Orc:2    | Entered Level 2 of the Orcish Mines
 22024 | Orc:1    | Reached XP level 15. HP: 100/100 MP: 21/21
 22591 | Orc:2    | Found a staircase to the Elven Halls.
 23174 | Orc:2    | Received a gift from Okawaru
 23175 | Orc:2    | Reached skill level 10 in Dodging
 23184 | Orc:2    | Got a distressingly furry ring mail {god gift}
 23185 | Orc:2    | Identified the +1 ring mail "Hiol" {rPois} (Okawaru gifted
                  | it to you on level 2 of the Orcish Mines)
 23486 | Orc:2    | Found Xaoto's Weapon Boutique.
 23486 | Orc:2    | Found Povutwan's Armour Shop.
 23487 | Orc:2    | Found Diav's Jewellery Shop.
 23491 | Orc:2    | Found Ollue's Book Boutique.
 23523 | Orc:2    | Bought a +6 ring of strength for 760 gold pieces
 23523 | Orc:2    | Bought an uncursed ring of see invisible for 195 gold
                  | pieces
 23677 | D:13     | Found a gate to the Vaults.
 24387 | D:13     | Found an ancient bone altar of Kikubaaqudgha.
 24701 | D:14     | Noticed Louise
 24719 | D:14     | Killed Louise
 25184 | D:14     | Found a shadowy altar of Dithmenos.
 25385 | D:15     | Entered Level 15 of the Dungeon
 25455 | D:15     | Received a gift from Okawaru
 25515 | D:15     | Slain by a fire elemental

Illustrated notes

Levels and vault maps discovered:
D:1:      eino_arrival_water_cross, layout_loops_cross,
          grunt_decor_mini_mirrors, minmay_ruptured
D:2:      layout_rooms, lemuel_crystal_altar, serial_curves, eino_curves_01,
          eino_curves_04, hangedman_abyss_or_decor_lesser_grid, nrook_uturn,
          minmay_quantized, uniq_sigmund
D:3:      layout_basic, ebering_ghost_sewer_d, kennysheep_generic_room_16,
          uniq_ijyb
D:4:      layout_basic, minmay_temple_entry_ruins, okawaru_ov_weapons_minmay
D:5:      layout_basic, eat_drink_and_be_merry_uskayaw, uniq_edmund
D:6:      layout_gridville, portal_sewer_entry_a, basic_altar
D:7:      layout_loops_cross, gammafunk_temple_overflow_pools,
          nicolae_ru_sacrificial_ziggurat, lemuel_angel_altar, uniq_pikel,
          uniq_duvessa
D:8:      layout_layer_cave, nicolae_qazlal_general_emergency, serial_shops,
          nicolae_shop_waterfront, shop
D:9:      layout_loops_ring, jiyva_altar_1
D:10:     layout_basic, uniq_nergalle, uniq_josephine, uniq_maurice
D:11:     layout_loops_ring, erik_lair_orcish_takeover, basic_altar
D:12:     layout_gridville, hiddenorc1_lemuel
D:13:     layout_loops_ring, erik_vaults_1, lemuel_hellish_altar
D:14:     layout_roguey, serial_park_gazebo [serial_park_minivault_5x5_7],
          chequers_serial_rivers_marsh,
          nicolae_dithmenos_through_a_glass_darkly, uniq_louise
D:15:     grunt_enter_depths_snipers, layout_irregular_city
Temple:   lightli_temple_of_artemis
Lair:1:   layout_cave_pods, serial_bayou_lake_a, infiniplex_staircase_pool_2
Lair:2:   layout_cave_pods, palyth_hydra_swamp_entry, spider_nest_entry_webs,
          grunt_megastairs_2
Lair:3:   layout_regular_city, lemuel_fruit_fields, uniq_sonja
Lair:4:   layout_concentric_octagons, beast_lair_carwin_3
Lair:5:   layout_regular_city, basic_altar, minivault_26
Lair:6:   evil_forest, layout_cave_shapes, dpeg_slime_entry_corner
Orc:1:    layout_caves, uniq_fannar
Orc:2:    st_orc_mages, layout_diamond_mine

Skill      XL: |  1  2  3  4  5  6  7  8  9 10 11 12 13 14 15 |
---------------+----------------------------------------------+-----
Staves         | 4 6 7 8 11 13 14 | 14.0
Invocations    | 1 2 5 7 9 |  9.5
Bows           | 2 |  2.0
Armour         | 3 6 8 9 12 13 | 13.8
Fighting       | 6 9 11 13 14 | 14.0
Dodging        | 3 5 6 8 9 11 | 11.1
Throwing       | |  1.7

Action                   |  1- 3 |  4- 6 |  7- 9 | 10-12 | 13-15 || total
-------------------------+-------+-------+-------+-------+-------++-------
Melee: Quarterstaff      |    81 |   176 |   393 |   360 |    64 ||  1074
       Lajatang          |       |       |       |   533 |  1304 ||  1837
Throw: Throwing net      |     3 |       |     2 |     4 |       ||     9
       Dart              |       |       |       |     6 |       ||     6
       Javelin           |       |       |       |     2 |       ||     2
Invok: Heroism           |       |       |     3 |     2 |     5 ||    10
       Finesse           |       |       |       |       |     3 ||     3
 Abil: Fly               |       |       |       |       |     1 ||     1
Evoke: Wand              |       |       |     3 |     3 |     3 ||     9
  Use: Scroll            |     5 |     5 |     5 |    15 |    10 ||    40
       Potion            |       |       |       |     1 |     2 ||     3
 Stab: Held in net/web   |       |       |       |     2 |       ||     2
Armor: Leather armour    |    27 |    30 |       |       |       ||    57
       Plate armour      |       |    72 |   201 |   439 |   374 ||  1086
       Scale mail        |       |     2 |       |       |       ||     2
       Storm dragon scal |       |       |       |       |   269 ||   269
Dodge: Dodged            |    55 |    41 |    81 |   177 |   795 ||  1149
Block: Other             |       |       |    54 |   140 |   253 ||   447
       Reflection        |       |       |     3 |     4 |    13 ||    20

Table legend: (Time is in decaauts)
 A = Elapsed time spent in this place.
 B = Non-inter-level travel time spent in this place.
 C = Inter-level travel time spent in this place.
 D = Time resting spent in this place.
 E = Time spent auto-exploring this place.
 F = Levels seen in this place.
 G = Mean time per level.
                   A        B        C        D        E       F      G
               +--------+--------+--------+--------+--------+-----+--------+
         Total |  24765 |  23107 |   1658 |   4786 |  13495 |  25 |  990.6 |
       Dungeon |  14465 |  13332 |   1133 |   1981 |   8477 |  15 |  964.3 |
        Temple |     47 |     47 |      0 |      0 |      4 |   1 |   47.0 |
          Lair |   7689 |   7240 |    449 |   2140 |   4064 |   6 | 1281.5 |
  Orcish Mines |   2050 |   1975 |     75 |    612 |    684 |   2 | 1025.0 |
         Sewer |    512 |    512 |      0 |     53 |    265 |   1 |  512.0 |
               +--------+--------+--------+--------+--------+-----+--------+

Top non-repeatable levels by time:
  Lair:1: 2026 daAuts
  Lair:6: 1812 daAuts
   Orc:2: 1405 daAuts
     D:8: 1309 daAuts
     D:7: 1261 daAuts
  Lair:2: 1147 daAuts
    D:10: 1143 daAuts
     D:6: 1129 daAuts
     D:3: 1122 daAuts
     D:5: 1091 daAuts
     D:4: 1052 daAuts
     D:1: 1046 daAuts
    D:11: 1016 daAuts
    D:13: 996 daAuts
  Lair:3: 972 daAuts
